 Dungeon Crawl Stone Soup version 0.29.1-1-gd02db6906a (webtiles) character file.

Game seed: 3817021302292163156

13125 ImASeal the Fighter (level 11, -5/124 HPs)
             Began as a Troll Fighter on Oct 18, 2022.
             Was an Elder of Makhleb.
             Killed from afar by Fannar (48 damage)
             ... with a bolt of cold
             ... on level 11 of the Dungeon.
             The game lasted 00:29:44 (8817 turns).

ImASeal the Fighter (Troll Fighter)                 Turns: 8817, Time: 00:29:44

Health: -5/124     AC:  6    Str: 30    XL:     11   Next: 71%
Magic:  10/10      EV: 13    Int:  4    God:    Makhleb [****..]
Gold:   626        SH:  8    Dex: 15    Spells: 10/10 levels left

rFire   . . .      SeeInvis .   I - +4 hand axe (freeze)
rCold   . . .      Faith    .   c - +0 kite shield
rNeg    . . .      Spirit   .   A - +1 robe of the Iron Devil {Dex+6 Slay+3}
rPois   .          Reflect  .   (helmet restricted)
rElec   .          Harm     .   y - +0 cloak
rCorr   .          Rampage  .   (gloves unavailable)
Will    .....                   (boots unavailable)
Stlth   +.........              (no amulet)
HPRegen 1.10/turn               q - +4 ring of evasion
MPRegen 0.12/turn               P - +4 ring of slaying

@: no status effects
A: large, unfitting armour, claws 3, regeneration 1, shaggy fur 1, tough skin 1
a: Renounce Religion, Minor Destruction, Lesser Servant of Makhleb, Major
Destruction


You were on level 11 of the Dungeon.
You worshipped Makhleb.
Makhleb was greatly pleased with you.
You visited 2 branches of the dungeon, and saw 12 of its levels.
You also visited: Sewer.

You collected 626 gold pieces.

Inventory:

Hand Weapons
 a - a +0 trident
 C - a +2 vorpal spear
 I - a +4 hand axe of freezing (weapon)
 V - a +2 spectral giant club
Missiles
 i - 66 stones
 l - 11 poisoned darts (quivered)
 x - 2 boomerangs
 M - 5 large rocks
 W - 2 curare-tipped darts
Armour
 c - a +0 kite shield (worn)
 y - a +0 cloak (worn)
 A - the +1 robe of the Iron Devil (worn) {Dex+6 Slay+3}
   (You found it on level 4 of the Dungeon)

   Dex:       It affects your dexterity (+6).
   Slay:      It affects your accuracy & damage with ranged weapons and melee
   (+3).
 U - the +1 helmet of Ymuetur {rElec rC+ MP-9 Str+6}
   (You found it on level 9 of the Dungeon)

   Str:       It affects your strength (+6).
   rC:        It protects you from cold.
   rElec:     It insulates you from electricity.
   MP:        It affects your magic capacity (-9).
Jewellery
 q - a +4 ring of evasion (left claw)
 P - a +4 ring of slaying (right claw)
Wands
 w - a wand of roots (8)
 L - a wand of light (19)
 O - a wand of flame (16)
Scrolls
 b - 5 scrolls of teleportation
 j - a scroll of identify
 n - 5 scrolls of magic mapping
 o - a scroll of acquirement
 s - 3 scrolls of noise {unknown}
 t - a scroll of poison
 v - 2 scrolls of brand weapon
 E - 4 scrolls of fear {unknown}
 G - 2 scrolls of torment {unknown}
 J - 7 scrolls of fog
 K - a scroll of enchant weapon
 N - a scroll of silence
 Q - a scroll of amnesia {unknown}
 R - 3 scrolls of immolation {unknown}
 T - a scroll of blinking {unknown}
Potions
 d - a potion of might
 e - 5 potions of lignification
 f - 10 potions of curing
 g - 2 potions of invisibility {unknown}
 h - 7 potions of degeneration {unknown}
 k - a potion of cancellation
 m - 6 potions of attraction {unknown}
 p - 2 potions of brilliance {unknown}
 r - 4 potions of haste
 u - 3 potions of berserk rage {unknown}
 z - 2 potions of heal wounds
 B - 7 potions of flight
 D - 2 potions of mutation
 F - a potion of magic
 H - a potion of ambrosia {unknown}
 S - 2 potions of resistance {unknown}


   Skills:
 + Level 12.5 Fighting
 + Level 9.5 Axes
 - Level 1.5(6.1) Polearms
 + Level 3.7 Throwing
 + Level 2.6 Dodging
 + Level 2.8 Shields


You had 10 spell levels left.
You didn't know any spells.
Your spell library contained the following spells:

 Spells                   Type           Power      Damage    Failure   Level
 Apportation              Tloc           0%         N/A       80%         1
 Foxfire                  Conj/Fire      0%         2x1d4     80%         1
 Necrotise                Necr           0%         1d4       80%         1
 Shock                    Conj/Air       0%         1d3       80%         1
 Summon Small Mammal      Summ           0%         N/A       80%         1
 Ensorcelled Hibernation  Hex/Ice        0%         N/A       91%         2
 Passwall                 Tmut/Erth      0%         N/A       91%         2
 Sublimation of Blood     Necr           0%         N/A       91%         2
 Wereblood                Tmut           0%         N/A       91%         2
 Conjure Flame            Conj/Fire      0%         6-21      99%         3
 Inner Flame              Hex/Fire       0%         N/A       99%         3
 Stone Arrow              Conj/Erth      0%         3d7       99%         3
 Swiftness                Air            0%         N/A       99%         3
 Airstrike                Air            0%         2d(0-16)  100%        4
 Animate Armour           Summ/Erth      0%         N/A       100%        4
 Flame Wave               Conj/Fire      0%         2d4       100%        4
 Summon Hydra             Summ           0%         N/A       100%        7
 Lehudib's Crystal Spear  Conj/Erth      0%         10d2      100%        8


Dungeon Overview and Level Annotations

Branches:
Dungeon (11/15)            Temple (1/1) D:4            Lair (0/5) D:11
  Sewer (visited)
    Orc: D:9-12

Altars:
Ashenzari
Cheibriados
Dithmenos
Elyvilon
Fedhas
Gozag
Hepliaklqana
Kikubaaqudgha
Makhleb
Nemelex Xobeh
Okawaru
Qazlal
Ru
Sif Muna
Trog
Uskayaw
Vehumet
Wu Jian
Xom
Yredelemnul
Zin
The Shining One
Lugonu

Shops:
D:7 [[=

Annotations:
D:11 Fannar, Snorg


Innate Abilities, Weirdness & Mutations

You are too large for most types of armour.
You have claws for hands.
Your natural rate of healing is unusually fast.
You are covered in fur. (AC +1)
You have tough skin. (AC +1)


Message History

You kill the troll!
Makhleb accepts your kill.
You feel better.
You closely miss the ice beast. The ice beast hits you.
The ice beast freezes you.
The ice beast hits you but does no damage.
Fannar closely misses you.
You barely miss the ice beast.
The ice beast is moderately wounded.
You hit Fannar. You hit the ice beast. You block the ice beast's attack.
The ice beast barely misses you.
Fannar hits you with a +0 quarterstaff of freezing!
Fannar freezes you.
You slice the ice beast!!
The ice beast is almost dead.
You hit Fannar. You slash the ice beast!
Fannar hits you with a +0 quarterstaff of freezing.
Fannar freezes you. You block the ice beast's attack.
You hit Fannar.
Fannar is severely wounded.
You hit the ice beast. You hit the ice beast but do no damage.
Fannar hits you but does no damage. The ice beast barely misses you.
The ice beast misses you.
Fannar hits you with a +0 quarterstaff of freezing.
Fannar freezes you. You block the ice beast's attack.
The ice beast hits you but does no damage.
You hit Fannar but do no damage.
Fannar is severely wounded.
You slash the ice beast!
You kill the ice beast!
The ice beast disappears in a puff of smoke!
You hit the ice beast. You block Fannar's attack. The ice beast hits you.
The ice beast freezes you!
Fannar hits you with a +0 quarterstaff of freezing.
Fannar freezes you.
You slash Fannar! You freeze Fannar.
Fannar is almost dead.
You hit the ice beast. x2; The ice beast misses you.
Fannar points at you and mumbles some strange words.
The bolt of cold hits you!!!
You die...

......... ..(.......
.............. ....(....#
#............. .........#
#.............
.........###.............
......(.................
.......e...............
.......Y@..........###
........Y............#
..............#......###
...............#.......#
................#.####.#
######################
#.# #### #.># #.#
##.###..# ### #.#
.##....## #.#### #.#


You could see Fannar (fast, poisoned) and 2 ice beasts.

Vanquished Creatures
  Erolcha (D:9)
  5 two-headed ogres
  Nergalle (D:10)
  Maurice (D:8)
  3 komodo dragons
  3 kobold demonologists (D:10)
  2 trolls (D:11)
  Grinder (D:4)
  2 shadows (D:11)
  A wyvern (D:11)
  A wraith (D:10)
  A basilisk (D:11)
  4 steam dragons
  A hog (shapeshifter) (D:8)
  10 yaks
  2 vampire mosquitoes (D:10)
  A water moccasin (D:6)
  A swamp drake (D:11)
  3 ice beasts
  2 black bears
  A sky beast (D:7)
  An ogre (D:4)
  3 centaurs
  A phantom (D:5)
  A kobold brigand (D:10)
  A bullfrog (D:6)
  A gnoll sergeant (D:8)
  A necrophage (D:4)
  2 scorpions
  18 wights
  3 killer bees (D:10)
  An electric eel (D:7)
  3 howler monkeys
  An orc priest (D:3)
  2 hounds
  3 jellies
  A gnoll bouda (D:6)
  4 iguanas
  Natasha (thrice) (D:4)
  A merfolk siren (Sewer)
  2 orc wizards
  A merfolk avatar (Sewer)
  11 adders
  6 gnolls
  2 river rats (Sewer)
  2 white imps
  An ufetubus (D:4)
  2 worms
  3 dart slugs
  16 orcs
  14 ball pythons
  8 bats
  5 endoplasms
  7 giant cockroaches
  9 goblins
  4 hobgoblins
  8 jackals
  4 quokkas
  7 frilled lizards
  9 kobolds
  28 rats
247 creatures vanquished.

Vanquished Creatures (others)
  3 wights (D:9)
  An orc priest (D:7)
  An orc (D:7)
  4 demonic plants (D:10)
  11 fungi (D:7)
  5 plants (D:10)
25 creatures vanquished.

Grand Total: 272 creatures vanquished

Notes
Turn   | Place    | Note
-------+----------+-------------------------------------------
     0 | D:1      | ImASeal the Troll Fighter began the quest for the Orb.
     0 | D:1      | Reached XP level 1. HP: 22/22 MP: 0/0
   167 | D:1      | Reached XP level 2. HP: 29/29 MP: 1/1
   195 | D:1      | Reached skill level 3 in Fighting
   721 | D:2      | Reached XP level 3. HP: 36/37 MP: 2/2
  1238 | D:2      | Reached skill level 4 in Fighting
  1408 | D:3      | Reached XP level 4. HP: 48/48 MP: 3/3
  1611 | D:3      | Found a faded altar of an unknown god.
  1673 | D:3      | Found a hazy altar of Hepliaklqana.
  2358 | D:4      | Found an ornate altar of the Wu Jian Council.
  2363 | D:4      | Found a shimmering blue altar of Sif Muna.
  2364 | D:4      | Found a blossoming altar of Fedhas.
  2367 | D:4      | Found a white marble altar of Elyvilon.
  2369 | D:4      | Found a basalt altar of Yredelemnul.
  2371 | D:4      | Found a glowing golden altar of the Shining One.
  2372 | D:4      | Found a sacrificial altar of Ru.
  2372 | D:4      | Noticed a necrophage
  2385 | D:4      | Killed a necrophage
  2386 | D:4      | Reached skill level 5 in Fighting
  2386 | D:4      | Reached XP level 5. HP: 56/57 MP: 4/4
  2415 | D:4      | Found a staircase to the Ecumenical Temple.
  2422 | D:4      | Noticed Grinder
  2438 | D:4      | Paralysed by Grinder for 2 turns
  2443 | D:4      | Noticed an ogre
  2448 | D:4      | Killed an ogre
  2449 | D:4      | Reached XP level 6. HP: 63/66 MP: 5/5
  2449 | D:4      | Killed Grinder
  2450 | D:4      | Reached skill level 6 in Fighting
  2468 | D:4      | Identified the +1 robe of the Iron Devil {Dex+6 Slay+3}
  2520 | D:4      | Noticed Natasha
  2527 | D:4      | Killed Natasha
  2564 | Temple   | Entered the Ecumenical Temple
  2676 | Temple   | Became a worshipper of Makhleb the Destroyer
  2789 | D:4      | Noticed Natasha
  2795 | D:4      | Killed Natasha
  2796 | D:4      | Reached XP level 7. HP: 72/76 MP: 6/6
  2945 | D:4      | Noticed Natasha
  2952 | D:4      | Killed Natasha
  3101 | D:5      | Entered Level 5 of the Dungeon
  3109 | D:5      | Found a glowing drain.
  3139 | Sewer    | Entered a sewer
  3204 | Sewer    | Reached * piety under Makhleb
  3287 | Sewer    | Reached skill level 7 in Fighting
  3364 | Sewer    | Reached ** piety under Makhleb
  3546 | D:5      | Reached skill level 8 in Fighting
  3608 | D:5      | Reached XP level 8. HP: 88/88 MP: 7/7
  3815 | D:5      | Found a glowing silver altar of Zin.
  3992 | D:6      | Reached skill level 9 in Fighting
  4297 | D:6      | Reached skill level 10 in Fighting
  4323 | D:6      | Reached *** piety under Makhleb
  4327 | D:6      | Reached XP level 9. HP: 59/98 MP: 8/8
  4574 | D:6      | Found a shimmering altar of Xom.
  4737 | D:7      | Reached skill level 1 in Axes
  4769 | D:7      | Found Ekluim's Armour Shop.
  4773 | D:7      | Found Gueg's Antique Armour Emporium.
  4864 | D:7      | Found Jyrghinod's Jewellery Shop.
  4890 | D:7      | Found an ancient bone altar of Kikubaaqudgha.
  4973 | D:7      | Reached skill level 11 in Fighting
  5723 | D:7      | Identified a scroll of acquirement
  5823 | D:8      | Noticed Maurice
  5827 | D:8      | Killed Maurice
  6262 | D:9      | Noticed a two-headed ogre
  6265 | D:9      | Killed a two-headed ogre
  6266 | D:9      | Reached skill level 5 in Axes
  6266 | D:9      | Reached skill level 1 in Throwing
  6266 | D:9      | Reached XP level 10. HP: 87/114 MP: 9/9
  6319 | D:9      | Reached **** piety under Makhleb
  6486 | D:9      | Noticed a two-headed ogre
  6498 | D:9      | Killed a two-headed ogre
  6741 | D:9      | Identified the +1 helmet of Ymuetur {rElec rC+ MP-9 Str+6}
  6872 | D:9      | Noticed Erolcha
  6876 | D:9      | Killed Erolcha
  7350 | D:10     | Entered Level 10 of the Dungeon
  7350 | D:10     | Noticed a two-headed ogre
  7350 | D:10     | Found a broken altar of Ashenzari.
  7356 | D:10     | Killed a two-headed ogre
  7375 | D:10     | Noticed Nergalle
  7382 | D:10     | Killed Nergalle
  7383 | D:10     | Reached XP level 11. HP: 117/123 MP: 10/10
  7390 | D:10     | Reached skill level 12 in Fighting
  7685 | D:10     | Noticed a two-headed ogre
  7689 | D:10     | Killed a two-headed ogre
  7895 | D:10     | Found a corrupted altar of Lugonu.
  8388 | D:11     | Noticed Snorg
  8434 | D:11     | Noticed a two-headed ogre
  8440 | D:11     | Killed a two-headed ogre
  8637 | D:11     | Found a staircase to the Lair.
  8795 | D:11     | Noticed Fannar
  8817 | D:11     | Killed from afar by Fannar

Illustrated notes

Levels and vault maps discovered:
D:1:      matt_arrival_los_fun, layout_basic, corexii_corridor_pit
D:2:      layout_loops_ring
D:3:      layout_loops_ring, mainiacjoe_overflow_six_doors_small,
          ebering_ecumenical_altar_mist, chequers_serial_rivers_micro_e,
          grunt_decor_clamped, minmay_goblin_outpost
D:4:      layout_cave_pods, minitemple, temple_fountains, uniq_natasha,
          uniq_grinder
D:5:      layout_rooms, kennysheep_little_box, portal_sewer_entry_a
D:6:      layout_basic, kennysheep_mini_moat
D:7:      kennysheep_steamy, layout_basic, kennysheep_mini, serial_shops,
          nicolae_shop_statue_plus, dk_vineyard_3, kennysheep_decorative_pillar,
          nicolae_wooded_promenade
D:8:      layout_rooms, uniq_maurice
D:9:      layout_loops_ring, minmay_misc_feat_roman, lemuel_flamethrower_2,
          uniq_erolcha
D:10:     kennysheep_kobold_lugonu_temple, layout_cave_pools,
          mainiacjoe_overflow_tiny_flanked, uniq_nergalle
D:11:     layout_big_octagon, erik_lair_dragon, orc_0_dummy,
          nicolae_trove_entry_crystal, uniq_fannar, uniq_snorg
Temple:   eino_temple_lava

Skill      XL: |  1  2  3  4  5  6  7  8  9 10 11 |
---------------+----------------------------------+-----
Fighting       | 3 4 5 6 8 10 11 12 | 12.5
Axes           | 5 7 9 |  9.5
Throwing       | 1 2 3 |  3.7
Polearms       | |  1.5
Dodging        | |  2.6
Shields        | |  2.8

Action                   |  1- 3 |  4- 6 |  7- 9 | 10-12 || total
-------------------------+-------+-------+-------+-------++-------
Melee: Trident           |   180 |    70 |   110 |       ||   360
       Spear             |       |       |   143 |       ||   143
       Hand axe          |       |       |    94 |   181 ||   275
Throw: Stone             |       |       |    13 |    20 ||    33
       Large rock        |       |       |     6 |     9 ||    15
       Dart              |       |       |       |     6 ||     6
Invok: Minor Destruction |       |       |       |     1 ||     1
Evoke: Wand              |       |    11 |       |       ||    11
  Use: Scroll            |       |       |    10 |     4 ||    14
       Potion            |       |       |       |     1 ||     1
 Stab: Sleeping          |     2 |     2 |     2 |       ||     6
       Distracted        |       |       |     1 |       ||     1
Armor: Robe              |    55 |    16 |    82 |    34 ||   187
Dodge: Dodged            |    65 |    38 |   141 |   106 ||   350
Block: Kite shield       |    75 |    19 |   121 |    81 ||   296
